 Dungeon Crawl Stone Soup version 0.21-a0-137-g951aa02 (webtiles) character file.

1395 tilp the Firebug (level 8, 0/57 HPs)
             Began as a Hill Orc Fire Elementalist on July 18, 2017.
             Was an Initiate of Vehumet.
             Shot with an arrow by a centaur (1 damage)
             ... on level 7 of the Dungeon.
             The game lasted 00:29:06 (7496 turns).

tilp the Firebug (Hill Orc Fire Elementalist)       Turns: 7496, Time: 00:29:06

Health: 0/57       AC:  4    Str: 11    XL:     8   Next: 68%
Magic:  7/11       EV: 11    Int: 17    God:    Vehumet [......]
Gold:   252        SH:  0    Dex: 11    Spells: 2/12 levels left

rFire    . . .     SeeInvis .   u - +1 mace (crush)
rCold    . . .     Gourm    .   (no shield)
rNeg     . . .     Faith    .   p - +0 leather armour
rPois    .         Spirit   .   n - +0 helmet
rElec    .         Reflect  .   (no cloak)
rCorr    .         Harm     .   (no gloves)
MR       .....                  (no boots)
Stlth    +.........             (no amulet)
HPRegen  0.19/turn              (no ring)
MPRegen  0.12/turn              (no ring)

@: no status effects
A: no striking features
a: Renounce Religion


You were on level 7 of the Dungeon.
You worshipped Vehumet.
Vehumet was noncommittal.
You were not hungry.

You visited 2 branches of the dungeon, and saw 8 of its levels.

You collected 252 gold pieces.

Inventory:

Hand Weapons
 l - a +0 war axe
 u - a +1 mace of crushing (weapon)
 x - a +3 hand axe
Missiles
 d - 13 tomahawks (quivered)
 f - 214 stones
Armour
 a - a +0 robe
 n - a +0 helmet (worn)
 p - a +0 leather armour (worn)
 D - a +2 scale mail of poison resistance
Jewellery
 j - a +3 amulet of reflection {unknown}
 m - an uncursed amulet of guardian spirit {unknown}
Wands
 r - a wand of flame (20/48)
 y - a wand of confusion (12/48)
Scrolls
 e - 3 scrolls of amnesia
 i - a scroll of magic mapping {unknown}
 o - 3 scrolls of enchant weapon
 q - 3 scrolls of recharging
 C - a scroll of immolation {unknown}
 F - a scroll of identify
Potions
 g - 2 potions of might {unknown}
 h - a potion of agility
 k - 2 potions of heal wounds {unknown}
 s - a potion of invisibility {unknown}
 t - a potion of cancellation
 A - a potion of brilliance
 B - a potion of mutation {unknown}
 E - a potion of curing
Books
 b - a book of Flames

   Spells                             Type                      Level
   a - Flame Tongue                   Conjuration/Fire             1
   b - Throw Flame                    Conjuration/Fire             2
   c - Conjure Flame                  Conjuration/Fire             3
   d - Inner Flame                    Hexes/Fire                   3
   e - Sticky Flame                   Conjuration/Fire             4
   f - Fireball                       Conjuration/Fire             5
 v - a book of Maledictions

   Spells                             Type                      Level
   a - Corona                         Hexes                        1
   b - Ensorcelled Hibernation        Hexes/Ice                    2
   c - Confuse                        Hexes                        3
   d - Tukima's Dance                 Hexes                        3
   e - Dazzling Spray                 Conjuration/Hexes            3


   Skills:
 - Level 1.5 Dodging
 - Level 1.5 Stealth
 - Level 2.6 Spellcasting
 + Level 7.7 Conjurations
 - Level 7.7 Fire Magic


You had 2 spell levels left.
You knew the following spells:

 Your Spells              Type           Power        Failure   Level  Hunger
a - Flame Tongue          Conj/Fire      ####.        1%          1    #......
b - Throw Flame           Conj/Fire      ####..       1%          2    ##.....
c - Conjure Flame         Conj/Fire      ####....     3%          3    ###....
d - Sticky Flame          Conj/Fire      ####....     10%         4    #####..


Dungeon Overview and Level Annotations

Branches:
Dungeon (8/15)             Temple (1/1) D:5
   Lair: D:8-11

Altars:
Ashenzari
Cheibriados
Dithmenos
Elyvilon
Fedhas
Gozag
Kikubaaqudgha
Makhleb
Nemelex Xobeh
Okawaru
Qazlal
Ru
Trog
Uskayaw
Vehumet
Wu Jian
Xom
Yredelemnul
The Shining One

Annotations:
D:5 Sigmund


Message History

The arrow hits you.
The centaur shoots an arrow.
The arrow hits you!
Casting: Flame Tongue
Confirm with . or Enter, or press ? or * to list all spells.
Aiming: Flame Tongue
Press: ? - help, Shift-Dir - straight line, f/p - centaur
Aim: a centaur, wielding a shortbow of velocity The flame tongue hits the centaur.
The centaur is heavily wounded.
The centaur shoots an arrow.
The arrow hits you.
* * * LOW HITPOINT WARNING * * *
x2
Casting: Flame Tongue
Confirm with . or Enter, or press ? or * to list all spells.
Aiming: Flame Tongue
Press: ? - help, Shift-Dir - straight line, f/p - centaur
Aim: a centaur, wielding a shortbow of velocity (heavily wounded)
The flame tongue hits the centaur.
The centaur is almost dead.
The centaur shoots an arrow.
The arrow hits you!
* * * LOW HITPOINT WARNING * * *
You die...

#######.###########
#..................
#.#####c###########
#. #.#
#####.#####.#########
........c...........#
#.....###.#######.#
#.....###(# ### #.#
##.@...(.# ...#.#
#.#####.# ###.#.###
#( ..# #........ #.
... #.#.#.### ..
.....#.#.#.... #.
.....#........ #.
......#..##.##. ..
.........# .
........##.


You could see a centaur.

Vanquished Creatures
  Grinder (D:4)
  A steam dragon (D:8)
  A hungry ghost (D:8)
  2 ogres
  2 bullfrogs
  2 scorpions
  2 howler monkeys
  3 orc priests (D:3)
  An orc wizard (D:3)
  2 iguanas
  2 worker ants
  2 worker ant zombies
  11 adders
  An adder skeleton (D:4)
  2 worms (D:4)
  10 dart slugs
  A leopard gecko (D:1)
  19 orcs
  2 ball pythons
  2 bat zombies (D:4)
  6 giant cockroaches
  7 goblins
  8 hobgoblins
  4 jackals (D:3)
  A quokka (D:5)
  6 bats (D:1)
  5 frilled lizards
  11 kobolds
  15 rats
132 creatures vanquished.

Notes
Turn   | Place    | Note
-------+----------+-------------------------------------------
     0 | D:1      | tilp the Hill Orc Fire Elementalist began the quest for the Orb.
     0 | D:1      | Reached XP level 1. HP: 14/14 MP: 3/3
   321 | D:1      | Reached XP level 2. HP: 18/20 MP: 0/5
   331 | D:1      | Learned a level 2 spell: Throw Flame
   988 | D:1      | Reached XP level 3. HP: 22/26 MP: 6/6
   996 | D:1      | Learned a level 3 spell: Conjure Flame
  1240 | D:2      | Found a faded altar of an unknown god.
  1444 | D:2      | Found a burning altar of Makhleb.
  1793 | D:2      | Reached XP level 4. HP: 26/33 MP: 7/7
  2515 | D:3      | Noticed a bullfrog
  2525 | D:3      | Killed a bullfrog
  2525 | D:3      | Reached XP level 5. HP: 10/38 MP: 5/8
  3230 | D:3      | Reached XP level 6. HP: 45/45 MP: 5/9
  3240 | D:3      | Learned a level 4 spell: Sticky Flame
  3913 | D:3      | Reached skill level 5 in Fire Magic
  4310 | D:3      | Reached XP level 7. HP: 50/50 MP: 0/10
  5130 | D:4      | Found a glowing golden altar of the Shining One.
  5130 | D:4      | Found an opulent altar of Gozag.
  5243 | D:4      | Noticed Grinder
  5501 | D:4      | Found a sacrificial altar of Ru.
  5680 | D:4      | Killed Grinder
  5744 | D:4      | Reached skill level 5 in Conjurations
  5745 | D:4      | Reached XP level 8. HP: 56/57 MP: 3/11
  5943 | D:4      | Found an ancient bone altar of Kikubaaqudgha.
  5975 | D:5      | Entered Level 5 of the Dungeon
  6038 | D:5      | Found a staircase to the Ecumenical Temple.
  6044 | Temple   | Entered the Ecumenical Temple
  6102 | Temple   | Became a worshipper of Vehumet
  6704 | D:5      | Noticed Sigmund
  6750 | D:5      | You fall through a shaft for 3 floors!
  7120 | D:8      | Found a shadowy altar of Dithmenos.
  7496 | D:7      | HP: 1/57 [centaur/arrow (12)]
  7496 | D:7      | Shot with an arrow by a centaur

Vault maps used:
D:1:      dpeg_cavernosity
D:2:      lemuel_crystal_altar, chequers_ecumenical_altar_island
D:4:      kennysheep_slugbush, lemuel_zombie_altar_kikubaaqudgha,
          amethyst_overflow_temple_binary, nicolae_ru_sacrificial_ziggurat,
          minmay_bisected, uniq_grinder
D:5:      temple_green, first_bread, uniq_sigmund
D:7:      basic_altar, lightli_orcish_oven
D:8:      nicolae_dithmenos_the_darkroom, grunt_lair_entry_orc_guard_hut,
          hangedman_pestilent_swarm
Temple:   nicolae_temple_figure_eight

Skill      XL: |  1  2  3  4  5  6  7  8 |
---------------+-------------------------+-----
Spellcasting   | 2 |  2.6
Conjurations   | 2 4 5 7 |  7.7
Fire Magic     | 5 7 |  7.7
Dodging        | |  1.5
Stealth        | |  1.5

Action                   |  1- 3 |  4- 6 |  7- 9 || total
-------------------------+-------+-------+-------++-------
Melee: Dagger            |     8 |       |       ||     8
       Whip              |     4 |       |       ||     4
       Club              |     1 |       |       ||     1
       Hand axe          |    76 |    14 |       ||    90
       Mace              |       |    93 |    62 ||   155
Throw: Stone             |    20 |       |       ||    20
       Tomahawk          |       |     2 |    20 ||    22
 Cast: Flame Tongue      |    34 |    58 |    94 ||   186
       Throw Flame       |     7 |    12 |    18 ||    37
       Conjure Flame     |       |     4 |     7 ||    11
       Sticky Flame      |       |       |     1 ||     1
Evoke: Wand              |       |       |     3 ||     3
  Use: Scroll            |     1 |       |     3 ||     4
       Potion            |       |     7 |       ||     7
 Stab: Sleeping          |       |       |     1 ||     1
  Eat: Chunk             |     4 |     7 |     9 ||    20
       Royal jelly       |       |     1 |       ||     1
       Bread ration      |       |       |     3 ||     3
       Meat ration       |       |       |     1 ||     1
       Fruit             |       |       |     1 ||     1
Armor: Robe              |    23 |       |       ||    23
       Leather armour    |     4 |    25 |    22 ||    51
Dodge: Dodged            |    77 |    88 |    51 ||   216
